 Dungeon Crawl Stone Soup version 0.30.2 (webtiles) character file.

Game seed: 5508662613027147212

227753 porpoise the Geomancer (level 19, -17/112 HPs)
             Began as a Gargoyle Earth Elementalist on Feb 10, 2024.
             Was a High Priest of Vehumet.
             Demolished by a naga warrior
             ... wielding a +0 broad axe
              (21 damage)
             ... on level 4 of the Snake Pit on Feb 12, 2024.
             The game lasted 04:50:53 (50619 turns).

porpoise the Geomancer (GrEE)                      Turns: 50619, Time: 04:50:54

Health: -17/112    AC: 34    Str: 20    XL:     19   Next: 39%
Magic:  8/35       EV: 11    Int: 27    God:    Vehumet [*****.]
Gold:   1983       SH:  8    Dex: 15    Spells: 1/42 levels left

rFire   + . .        a - +3 Elemental Staff {rElec rF+ rC+ AC+3}
rCold   + . .        V - +2 buckler
rNeg    + . .        A - +3 ring mail of Defence {Regen+ Str+2}
rPois   ∞            s - +0 hat "Adiosic" {Str+3 Dex+5 Stlth-}
rElec   +            f - +1 cloak
rCorr   .            H - +0 pair of gloves
SInv    .            D - +2 pair of boots
Will    +....        K - amulet of magic regeneration
Stlth   ++           l - ring of the Mage {Wiz Archmagi}
HPRegen 1.18/turn    c - +6 ring of intelligence
MPRegen 0.64/turn

%: wizardry (x1), archmagi
@: mighty, flying, constricted, unable to read
A: sickness immunity, AC +14, big wings, negative energy resistance 1,
electricity resistance, torment resistance 1, petrification resistance,
inability to read after injury 1
}: 1/15 runes: decaying
a: Renounce Religion


You were on level 4 of the Snake Pit.
You worshipped Vehumet.
Vehumet was extremely pleased with you.
You visited 7 branches of the dungeon, and saw 33 of its levels.
You also visited: Bailey and Gauntlet.

You collected 3662 gold pieces.
You spent 1679 gold pieces at shops.

Inventory:

Hand Weapons
 a - the +3 Elemental Staff (weapon) {rElec rF+ rC+ AC+3}
   (You acquired it on level 13 of the Dungeon)

   It enhances your fire, ice, earth and air magic.
   AC:        It affects your AC (+3).
   rF:        It protects you from fire.
   rC:        It protects you from cold.
   rElec:     It insulates you from electricity.
 b - the +0 sling of Nenao {drain, Dex+3}
   (You found it in a bailey)

   Dex:       It affects your dexterity (+3).
Missiles
 d - 2 curare-tipped darts (quivered)
 J - 5 throwing nets
Armour
 f - a +1 cloak (worn)
 s - the +0 hat "Adiosic" (worn) {Str+3 Dex+5 Stlth-}
   (You bought it in a shop on level 2 of the Orcish Mines)

   Str:       It affects your strength (+3).
   Dex:       It affects your dexterity (+5).
   Stlth:     It makes you less stealthy.
 A - the +3 ring mail of Defence (worn) {Regen+ Str+2}
   (You took it off an orc on level 3 of the Dungeon)

   Str:       It affects your strength (+2).
   Regen:     It increases your rate of health regeneration.
 D - a +2 pair of boots (worn)
 E - a +2 kite shield of poison resistance
 H - a +0 pair of gloves (worn)
 V - a +2 buckler (worn)
Magical Staves
 w - a staff of poison
Jewellery
 c - a +6 ring of intelligence (right hand)
 l - the ring of the Mage (left hand) {Wiz Archmagi}
   (You bought it in a shop on level 2 of the Orcish Mines)

   [ring of wizardry]

   It improves your spell success rate.
   Archmagi:  It increases the power of your magical spells.
 K - an amulet of magic regeneration (around neck)
 M - a ring of ice
 S - a ring of resist corrosion
 T - a ring of see invisible
Wands
 e - a wand of quicksilver (9)
 n - a wand of iceblast (27)
 x - a wand of mindburst (12)
 y - a wand of flame (58)
 I - a wand of digging (7)
 Q - a wand of paralysis (8)
 R - a wand of polymorph (16)
Scrolls
 g - 2 scrolls of poison
 h - 8 scrolls of teleportation
 o - 6 scrolls of vulnerability
 q - a scroll of silence
 t - 3 scrolls of summoning
 v - 5 scrolls of blinking
 B - 2 scrolls of fear
 L - a scroll of amnesia
 P - 3 scrolls of fog
 W - 4 scrolls of magic mapping
Potions
 i - 16 potions of curing
 j - 3 potions of cancellation
 k - 2 potions of might
 m - 8 potions of heal wounds
 p - 3 potions of brilliance
 r - 8 potions of lignification
 u - 3 potions of ambrosia
 z - 2 potions of resistance
 F - 3 potions of invisibility
 G - 3 potions of haste
 N - a potion of berserk rage
 O - a potion of magic
 Y - 2 potions of attraction
Miscellaneous
 C - a tin of tremorstones (inert)


   Skills:
 - Level 10.0 Fighting
 - Level 12.0 Staves
 - Level 6.0 Throwing
 - Level 9.0 Armour
 + Level 7.2 Dodging
 - Level 9.0 Stealth
 - Level 7.0 Shields
 - Level 12.0 Spellcasting
 - Level 12.0 Conjurations
 - Level 7.1 Hexes
 - Level 5.0 Translocations
 + Level 5.1 Transmutations
 + Level 9.1 Fire Magic
 - Level 7.0 Air Magic
 - Level 12.0 Earth Magic
 - Level 9.0 Poison Magic
 - Level 7.0 Evocations


You had one spell level left.
You knew the following spells:

 Your Spells              Type           Power      Damage    Failure   Level
b - Stone Arrow           Conj/Erth      100%       3d13      1%          3
e - Iron Shot             Conj/Erth      55%        9d10      1%          6
f - Fireball              Conj/Fire      52%        3d20      1%          5
i - Ignite Poison         Fire/Tmut/Pois 92%        N/A       1%          3
k - Blink                 Tloc           100%       N/A       1%          2
o - Orb of Destruction    Conj           44%        9d12      4%          7
p - Plasma Beam           Fire/Air       58%        2x1d80    4%          6
t - Olgreb's Toxic Radia  Pois           77%        N/A       1%          4
y - Yara's Violent Unrav  Hex/Tmut       32%        3d13      1%          5

Your spell library contained the following spells:

 Spells                   Type           Power      Damage    Failure   Level
 Kiss of Death            Conj/Necr      100%       2d13      1%          1
 Sandblast                Erth           100%       2d20      1%          1
 Shock                    Conj/Air       100%       1d9       1%          1
 Sting                    Tmut/Pois      100%       1d8       1%          1
 Summon Small Mammal      Summ           96%        N/A       2%          1
 Lesser Beckoning         Tloc           100%       N/A       1%          2
 Momentum Strike          Conj/Tloc      100%       3d10      1%          2
 Passwall                 Tmut/Erth      80%        N/A       1%          2
 Poisonous Vapours        Pois/Air       100%       N/A       1%          2
 Confusing Touch          Hex            70%        N/A       1%          3
 Dazzling Flash           Conj/Hex       100%       N/A       1%          3
 Gell's Gravitas          Tloc           59%        N/A       1%          3
 Hailstorm                Conj/Ice       83%        3d17      1%          3
 Inner Flame              Hex/Fire       94%        N/A       1%          3
 Mephitic Cloud           Conj/Pois/Air  99%        N/A       1%          3
 Summon Guardian Golem    Hex/Summ       52%        N/A       1%          3
 Swiftness                Air            88%        N/A       1%          3
 Teleport Other           Tloc           59%        N/A       1%          3
 Volatile Blastmotes      Fire/Tloc      100%       2d18      1%          3
 Airstrike                Air            44%        2d(7-23)  1%          4
 Flame Wave               Conj/Fire      100%       2d21      1%          4
 Iskenderun's Mystic Bla  Conj/Tloc      75%        2d15      1%          4
 Leda's Liquefaction      Hex/Erth       50%        N/A       1%          4
 Petrify                  Tmut/Erth      96%        N/A       1%          4
 Sticky Flame             Conj/Fire      100%       2d11      1%          4
 Freezing Cloud           Conj/Ice/Air   53%        6-21      1%          5
 Lee's Rapid Deconstruct  Erth           55%        3d26*     1%          5
 Starburst                Conj/Fire      52%        6d14      1%          6
 Alistair's Intoxication  Tmut/Pois      46%        N/A       4%          5
 Borgnjor's Vile Clutch   Necr/Erth      41%        N/A       6%          5
 Eringya's Noxious Bog    Tmut/Pois      34%        N/A       6%          6
 Call Canine Familiar     Summ           24%        N/A       8%          3
 Ice Form                 Ice/Tmut       61%        N/A       9%          4
 Dispel Undead            Necr           24%        3d12      26%         4
 Dispersal                Tloc           29%        N/A       43%         6
 Death Channel            Necr           12%        N/A       98%         6
 Simulacrum               Ice/Necr       18%        N/A       98%         6
 Borgnjor's Revivificati  Necr           12%        N/A       100%        8
 Necromutation            Tmut/Necr      22%        N/A       100%        8
 Death's Door             Necr           12%        N/A       100%        9
 Cigotuvi's Dreadful Rot  Necr/Pois/Air  Unusable   N/A       N/A         2
 Statue Form              Tmut/Erth      Unusable   N/A       N/A         6

Dungeon Overview and Level Annotations

Branches:
Dungeon (15/15)            Temple (1/1) D:5            Lair (5/5) D:8
  Swamp (4/4) Lair:3        Snake (4/4) Lair:3        Slime (0/5) Lair:4
    Orc (2/2) D:11            Elf (2/3) Orc:2        Vaults (0/5) D:14
 Depths (0/4) D:15         Bailey (visited)         Gauntlet (visited)

Altars:
Ashenzari
Cheibriados
Dithmenos
Elyvilon
Fedhas
Gozag
Hepliaklqana
Kikubaaqudgha
Makhleb
Nemelex Xobeh
Okawaru
Qazlal
Ru
Sif Muna
Trog
Uskayaw
Vehumet
Wu Jian
Xom
Yredelemnul
Zin
The Shining One

Shops:
D:7 **(   D:14 !   Orc:2 *?(=   Elf:2 [

Portals:
Trove: D:15 (give +6 demon trident)

Annotations:
D:5 2 runed translucent doors, rozman's ghost, amateur BaEE
D:13 2 transporters, Ucagg's ghost, journeyman DrTm
Lair:2 3 runed translucent doors, porpoise's ghost, journeyman TrWn
Swamp:4 1 runed translucent door, groovy9's ghost, journeyman MiBe
Snake:4 3 runed translucent doors
Orc:1 exclusion: downstairs
Elf:1 6 runed translucent doors
Elf:2 1 transporter - NOT done yet, cdecastro's ghost, adept DsNe


Innate Abilities, Weirdness & Mutations

You are immune to sickness and miasma.
Your stone body is resilient. (AC +14)
You are immune to poison.
Your large and strong wings let you fly.
You resist negative energy. (rN+)
You are resistant to electric shocks. (rElec)
You are resistant to unholy torment.
You are immune to petrification.
You occasionally lose the ability to read scrolls when taking damage.


Message History

The naga warrior hits you with a +0 glaive.
The naga warrior constricts you.
You hit the quicksilver dragon. You freeze the quicksilver dragon!
The quicksilver dragon is heavily wounded.
The naga sharpshooter mumbles some strange words.
The naga sharpshooter magically shoots an arrow.
The arrow hits you!!
* * * LOW HITPOINT WARNING * * *
The quicksilver dragon bites you but does no damage.
The quicksilver dragon claws you but does no damage.
You closely miss the naga sharpshooter.
The naga sharpshooter is moderately wounded.
The naga sharpshooter gestures wildly while chanting.
The naga sharpshooter magically shoots an arrow.
You block the arrow.
The naga warrior hits you with a +0 glaive.
* * * LOW HITPOINT WARNING * * *
The naga warrior constricts you.
* * * LOW HITPOINT WARNING * * *
The quicksilver dragon bites you!
* * * LOW HITPOINT WARNING * * *
You block the quicksilver dragon's attack.
You barely miss the quicksilver dragon.
The quicksilver dragon is moderately wounded.
The naga sharpshooter mumbles some strange words.
The naga sharpshooter magically shoots an arrow.
You block the arrow.
The naga sharpshooter casts a spell.
The naga sharpshooter magically shoots an arrow.
The arrow closely misses you.
The quicksilver dragon barely misses you.
The quicksilver dragon claws you but does no damage.
The naga warrior spits poison at you. The splash of poison misses you.
The splash of poison hits the naga warrior.
The naga warrior is poisoned.
The naga warrior constricts you.
You sock the quicksilver dragon!
The quicksilver dragon is heavily wounded.
The naga warrior hits you with a +0 broad axe!!
You die...

## #. ##. ##
#####..#### ..#
####..##...#.#...#
##......##..NN...#
##...##...##8NN.8##.
##..#####.#'N@DS...'#
##†.## ###.N##)##..#
#...# .#..## .# #...#
..'..# .# ##..#
...#..# #
#...##...##..#
#....##)##...#
##....†..)..##
##....#...## 8..#


You could see a quicksilver dragon, 2 naga warriors, 3 naga sharpshooters, a
salamander and a guardian serpent.

Vanquished Creatures
  Jorgrun (Orc:1)
  Mlioglotl (Swamp:4)
  A quicksilver dragon (Snake:4)
  A thorn hunter (Swamp:3)
  Kirke (D:13)
  4 nagarajas
  2 fenstrider witches (Swamp:4)
  Aizul (Snake:2)
  An orc warlord (Orc:2)
  4 eleionomae
  Nessos (D:13)
  A minotaur (Gauntlet)
  5 bunyips
  Snorg (D:14)
  4 deep elf high priests (Elf:1)
  5 fire dragons
  An entropy weaver (shapeshifter) (D:15)
  Harold (D:9)
  Josephine (D:13)
  2 salamander tyrants (Snake:4)
  16 hydras
  2 ogre magi (D:14)
  2 centaur warriors (D:13)
  3 ghost crabs
  12 anacondas
  A death knight (D:15)
  2 catoblepae (Lair:3)
  12 two-headed ogres
  4 boulder beetles
  Erica (D:9)
  2 dancing weapons (Elf:1)
  10 death yaks
  11 alligators
  8 naga warriors
  4 orc high priests
  2 tengu warriors (D:14)
  3 shock serpents
  5 naga sharpshooters
  Urug (Orc:2)
  Nergalle (D:10)
  5 deep elf knights
  The ghost of Fractals the Fighter, a novice BaFi of Uskayaw (D:8)
  A fire crab (Swamp:4)
  3 skeletal warriors
  3 goliath frogs
  2 salamander mystics
  A skyshark (Lair:5)
  4 naga ritualists
  5 spriggan druids
  5 deep elf archers
  2 bog bodies
  5 orc knights
  13 swamp dragons
  2 lindwurms (Swamp:4)
  A harpy (shapeshifter) (D:15)
  5 deep elf zephyrmancers
  16 deep elf pyromancers
  2 manticores (D:15)
  3 orc sorcerers (Orc:2)
  An oklob plant (Lair:5)
  2 will-o-the-wisps
  14 mana vipers
  12 ugly things
  10 salamanders
  2 cyclopes
  A moth of wrath (Gauntlet)
  Maurice (D:9)
  12 elephants
  43 black mambas
  12 cane toads
  16 naga magi
  6 guardian serpents
  An eye of devastation (Gauntlet)
  2 gargoyles
  13 komodo dragons
  An efreet (D:12)
  3 rime drakes (Lair:4)
  3 kobold demonologists (D:11)
  An unseen horror (D:12)
  2 freezing wraiths
  3 tengu conjurers
  3 burning bushes (Lair:5)
  7 trolls
  4 bloated husks
  10 polar bears
  Prince Ribbit (D:9)
  8 hornets
  15 blink frogs
  11 tyrant leeches
  4 raiju (Lair:5)
  9 dream sheep
  A jumping spider (shapeshifter) (Elf:2)
  12 slime creatures
  An air elemental (Elf:1)
  A shadow (D:9)
  2 vampires
  5 wraiths
  A ynoxinul (D:8)
  12 spriggans
  7 water elementals
  52 yaks
  6 basilisks
  6 wyverns
  A fire elemental (Elf:2)
  A yak (shapeshifter) (Elf:2)
  Grum (D:9)
  A hog (D:13)
  7 steam dragons
  3 redbacks (Gauntlet)
  14 vampire mosquitoes
  15 swamp worms
  38 nagas
  An acid dragon (D:11)
  11 wargs
  13 water moccasins
  A floating eye (Gauntlet)
  11 hell hounds (Lair:5)
  2 sky beasts
  15 black bears
  26 orc warriors
  8 swamp drakes
  An ice beast (D:6)
  5 boggarts (D:15)
  14 ogres
  16 wolves
  8 centaurs
  4 kobold brigands
  11 bullfrogs
  2 earth elementals (Elf:1)
  2 gnoll sergeants
  4 scorpions
  4 wights
  A killer bee (D:9)
  8 howler monkeys
  An electric eel (D:9)
  3 lava snakes (Lair:3)
  6 jellies
  5 hounds
  19 orc priests
  Crazy Yiuf (D:7)
  2 gnoll boudas
  An iron imp (D:4)
  4 iguanas
  25 orc wizards
  4 hell rats (Lair:3)
  19 gnolls
  A river rat (Lair:3)
  12 adders
  2 white imps
  4 ufetubi
  A worm (D:2)
  4 dart slugs
  98 orcs
  5 ball pythons
  9 endoplasms
  5 giant cockroaches
  7 hobgoblins
  A hobgoblin (shapeshifter) (D:14)
  3 jackals (D:1)
  7 quokkas
  6 bats
  4 frilled lizards
  8 goblins
  20 kobolds
  8 rats
1103 creatures vanquished.

Vanquished Creatures (others)
  A dancing weapon (Elf:1)
  A bloated husk (Swamp:1)
  A human (D:13)
  A swamp drake (Swamp:4)
  An orc priest (Orc:2)
  8 foxfires
13 creatures vanquished.

Grand Total: 1116 creatures vanquished

Notes
Turn   | Place    | Note
-------+----------+-------------------------------------------
     0 | D:1      | porpoise the Gargoyle Earth Elementalist began the quest
                  | for the Orb.
     0 | D:1      | Reached XP level 1. HP: 10/10 MP: 3/3
   150 | D:1      | Reached XP level 2. HP: 15/15 MP: 0/5
   205 | D:1      | Found a faded altar of an unknown god.
   795 | D:1      | Reached XP level 3. HP: 19/19 MP: 4/6
   821 | D:1      | Learned a level 3 spell: Stone Arrow
  1422 | D:2      | Reached skill level 1 in Conjurations
  1547 | D:2      | Reached XP level 4. HP: 24/24 MP: 5/8
  2098 | D:3      | Identified the +3 ring mail of Defence {Regen+ Str+2}
  2858 | D:3      | Reached skill level 5 in Earth Magic
  3266 | D:4      | Noticed a black bear
  3279 | D:4      | Killed a black bear
  3280 | D:4      | Reached skill level 1 in Fighting
  3280 | D:4      | Reached XP level 5. HP: 29/29 MP: 4/9
  3330 | D:4      | Found a bloodstained altar of Trog.
  3370 | D:4      | Reached XP level 6. HP: 35/35 MP: 4/10
  3687 | D:4      | Reached XP level 7. HP: 40/40 MP: 6/11
  3935 | D:4      | Found a snail-covered altar of Cheibriados.
  3943 | D:4      | Reached skill level 5 in Conjurations
  4247 | D:4      | Identified the +1 ring mail of the Gastropod {rN+++ Str+6}
  4338 | D:4      | Found a burning altar of Makhleb.
  4679 | D:5      | Entered Level 5 of the Dungeon
  4834 | D:5      | Found a runed translucent door.
  4860 | D:5      | Reached XP level 8. HP: 48/48 MP: 10/13
  4919 | D:5      | Found a staircase to the Ecumenical Temple.
  5100 | Temple   | Entered the Ecumenical Temple
  5730 | D:5      | Found a runed translucent door.
  5772 | D:5      | Found a white marble altar of Elyvilon.
  5773 | D:5      | Found an ornate altar of the Wu Jian Council.
  5774 | D:5      | Found a basalt altar of Yredelemnul.
  5775 | D:5      | Found a shimmering altar of Xom.
  5985 | D:5      | Noticed rozman's ghost (amateur BaEE)
  6016 | D:6      | Reached skill level 5 in Fighting
  6242 | D:5      | Reached skill level 5 in Spellcasting
  6604 | D:6      | Reached XP level 9. HP: 46/54 MP: 11/16
  6831 | D:6      | Reached skill level 5 in Stealth
  7386 | D:7      | Found Woopni's General Store.
  7411 | D:7      | Identified the +9 dagger "Zoggumn" {distort, MP-9 Dex+4}
  7429 | D:7      | Found a flagged portal.
  7468 | Bailey   | Entered a bailey
  7748 | Bailey   | Noticed a two-headed ogre
  7752 | Bailey   | Killed a two-headed ogre
  7753 | Bailey   | Reached XP level 10. HP: 43/60 MP: 4/17
  7904 | Bailey   | Identified the +0 sling of Nenao {drain, Dex+3}
  8028 | D:7      | Learned a level 4 spell: Olgreb's Toxic Radiance
  8028 | D:7      | Reached skill level 5 in Throwing
  8028 | D:7      | Reached skill level 5 in Dodging
  8028 | D:7      | Reached XP level 11. HP: 68/68 MP: 18/18
  8029 | D:7      | Reached skill level 5 in Evocations
  8029 | D:7      | Reached XP level 12. HP: 75/75 MP: 18/20
  8041 | D:7      | Found Gofun's Assorted Antiques.
  8058 | D:7      | Found a radiant altar of Vehumet.
  8268 | D:7      | Bought a scroll of blinking for 112 gold pieces
  8294 | D:7      | Identified the +4 falchion "Tormentor" {drain, rPois rC-
                  | Will+ Str+7}
  8309 | D:7      | Found a shimmering blue altar of Sif Muna.
  8388 | D:7      | Became a worshipper of Vehumet
  8521 | D:7      | Found Ufof's Weapon Shop.
  8786 | D:7      | Found a runed translucent door.
  8787 | D:7      | Noticed Crazy Yiuf
  8793 | D:7      | Killed Crazy Yiuf
  8859 | D:8      | Found a runed translucent door.
  8872 | D:8      | Noticed a death yak
  8872 | D:8      | Noticed a death yak
  8915 | D:7      | Killed a death yak
  8916 | D:7      | Reached skill level 1 in Poison Magic
  9125 | D:8      | Noticed a death yak
  9672 | D:8      | Found a staircase to the Lair.
  9681 | D:8      | Noticed a two-headed ogre
  9687 | D:8      | Killed a two-headed ogre
  9806 | D:8      | Killed a death yak
  9950 | D:8      | Killed a death yak
 10121 | D:8      | Noticed Fractals's ghost (novice BaFi)
 10367 | D:8      | Reached skill level 5 in Poison Magic
 10412 | D:8      | Reached * piety under Vehumet
 10412 | D:8      | Offered knowledge of Foxfire by Vehumet.
 10755 | Lair:1   | Entered Level 1 of the Lair of Beasts
 10896 | D:8      | Learned a level 2 spell: Blink
 10915 | D:9      | Noticed Harold
 10923 | D:9      | Killed Harold
 11088 | D:9      | Noticed Maurice
 11092 | D:9      | Paralysed by Maurice for 4 turns
 11101 | D:9      | Killed Maurice
 11447 | D:9      | Noticed Grum
 11586 | D:9      | Noticed Erica
 11593 | D:9      | Killed Erica
 11835 | D:9      | Reached skill level 5 in Translocations
 11895 | D:9      | Killed Grum
 12448 | D:9      | Identified a scroll of acquirement
 12448 | D:9      | Acquired a staff of poison
 12595 | D:9      | Offered knowledge of Shock by Vehumet.
 12597 | D:9      | Reached ** piety under Vehumet
 12666 | D:9      | Noticed Prince Ribbit
 12672 | D:9      | Killed Prince Ribbit
 12871 | D:8      | Reached XP level 13. HP: 47/79 MP: 17/21
 15084 | Lair:2   | Reached skill level 1 in Shields
 15154 | Lair:2   | Found a runed translucent gate.
 15154 | Lair:2   | Found a runed translucent gate.
 15155 | Lair:2   | Found a runed translucent gate.
 15164 | Lair:2   | Noticed a minotaur
 15165 | Lair:2   | Noticed porpoise's ghost (journeyman TrWn)
 15204 | Lair:2   | Reached skill level 5 in Armour
 15490 | Lair:2   | Offered knowledge of Searing Ray by Vehumet.
 16500 | Lair:2   | Reached *** piety under Vehumet
 17257 | Lair:3   | Reached skill level 5 in Shields
 17282 | Lair:3   | Gained mutation: Your large and strong wings let you fly.
                  | [Gargoyle growth]
 17282 | Lair:3   | Reached XP level 14. HP: 76/86 MP: 24/24
 17459 | Lair:3   | Offered knowledge of Ignite Poison by Vehumet.
 17543 | Lair:3   | Reached skill level 1 in Staves
 17992 | Lair:3   | Learned a level 3 spell: Ignite Poison
 18206 | Lair:3   | Reached **** piety under Vehumet
 18426 | Lair:3   | Found a staircase to the Snake Pit.
 18566 | Lair:3   | Reached skill level 1 in Fire Magic
 18764 | Lair:3   | Found a staircase to the Swamp.
 18819 | Lair:3   | Reached skill level 1 in Transmutations
 19365 | Lair:4   | Found a staircase to the Slime Pits.
 19680 | Lair:4   | Offered knowledge of Arcjolt by Vehumet.
 19899 | Lair:4   | Identified the +5 quarterstaff of Ocwuseh {drain, rF+ rC+
                  | Int+2}
 20208 | Lair:5   | Entered Level 5 of the Lair of Beasts
 21037 | D:10     | Entered Level 10 of the Dungeon
 21099 | D:10     | Found an iron altar of Okawaru.
 21250 | D:10     | Noticed Nergalle
 21256 | D:10     | Killed Nergalle
 21447 | D:10     | Found a stormy altar of Qazlal.
 21538 | D:10     | Learned a level 3 spell: Mephitic Cloud
 22175 | D:11     | Reached skill level 1 in Air Magic
 22401 | D:11     | Reached skill level 10 in Fighting
 22709 | D:11     | Found a staircase to the Orcish Mines.
 22871 | D:11     | Reached skill level 5 in Fire Magic
 23346 | Orc:1    | Entered Level 1 of the Orcish Mines
 23346 | Orc:1    | Noticed Jorgrun
 23353 | Orc:1    | Killed Jorgrun
 23873 | Orc:2    | Entered Level 2 of the Orcish Mines
 23873 | Orc:2    | Noticed Urug
 23878 | Orc:2    | Killed Urug
 23879 | Orc:2    | Reached XP level 15. HP: 67/92 MP: 23/25
 23923 | Orc:2    | Reached ***** piety under Vehumet
 23923 | Orc:2    | Offered knowledge of Yara's Violent Unravelling by Vehumet.
 23982 | Orc:2    | Found a staircase to the Elven Halls.
 24203 | Orc:2    | Noticed an orc warlord
 24210 | Orc:2    | Killed an orc warlord
 24948 | Orc:2    | Paralysed by an orc sorcerer for 3 turns
 25197 | Orc:2    | Found Zyigaps's Assorted Antiques.
 25197 | Orc:2    | Found Venkyix's Magic Scroll Boutique.
 25200 | Orc:2    | Found Xoulul's Jewellery Boutique.
 25200 | Orc:2    | Found Paol's Antique Weapon Shoppe.
 25211 | Orc:2    | Bought an inky potion for 32 gold pieces
 25211 | Orc:2    | Bought a potion of heal wounds for 180 gold pieces
 25211 | Orc:2    | Bought a potion of curing for 108 gold pieces
 25211 | Orc:2    | Bought a potion of heal wounds for 180 gold pieces
 25216 | Orc:2    | Bought a scroll of teleportation for 48 gold pieces
 25216 | Orc:2    | Bought a scroll of identify for 32 gold pieces
 25357 | D:8      | Killed Fractals's ghost
 25484 | D:8      | Got Sif Muna's Lessons on the Geologist
 25493 | D:8      | Learned a level 5 spell: Yara's Violent Unravelling
 25500 | D:8      | Learned a level 6 spell: Iron Shot
 25798 | Orc:2    | Bought the ring of the Mage {Wiz Archmagi} for 663 gold
                  | pieces
 25798 | Orc:2    | Found the ring of the Mage {Wiz Archmagi}
 25801 | Orc:2    | Bought a heavily runed hat for 324 gold pieces
 25801 | Orc:2    | Identified the +0 hat "Adiosic" {Str+3 Dex+5 Stlth-} (You
                  | bought it in a shop on level 2 of the Orcish Mines)
 25882 | D:12     | Found a transporter.
 25910 | D:12     | Found a transporter.
 26011 | D:12     | Found a transporter.
 26011 | D:12     | Found a transporter.
 26017 | D:12     | Found a transporter.
 26017 | D:12     | Found a transporter.
 27071 | D:12     | Reached skill level 1 in Hexes
 27840 | D:13     | Noticed Josephine
 27843 | D:13     | Noticed Kirke
 28036 | D:13     | Noticed Nessos
 28046 | D:13     | Killed Nessos
 28208 | D:13     | Found a transporter.
 28208 | D:13     | Noticed Ucagg's ghost (journeyman DrTm)
 28213 | D:13     | Found a gate leading to a gauntlet.
 28222 | Gauntlet | Entered a Gauntlet
 28222 | Gauntlet | Found a transporter.
 28222 | Gauntlet | Found a transporter.
 28228 | Gauntlet | Found a transporter.
 28231 | Gauntlet | Found a transporter.
 28231 | Gauntlet | Found a transporter.
 28257 | Gauntlet | Found a transporter.
 28262 | Gauntlet | Found a transporter.
 28312 | Gauntlet | Found a transporter.
 28315 | Gauntlet | Found a transporter.
 28315 | Gauntlet | Found a transporter.
 28328 | Gauntlet | Found a runed translucent gate.
 28328 | Gauntlet | Found a runed translucent gate.
 28328 | Gauntlet | Found a runed translucent gate.
 28332 | Gauntlet | Found a transporter.
 28342 | Gauntlet | Found the +0 pair of fencer's gloves {Riposte Dex+3}
 28349 | Gauntlet | Found a transporter.
 28365 | Gauntlet | Found a transporter.
 28373 | Gauntlet | Found a transporter.
 28778 | Gauntlet | Identified the +3 whip "Qekeucro" {venom, Fly rPois Str-2
                  | Int+6}
 28961 | Gauntlet | Found the +11 Singing Sword {sonic wave}
 28998 | D:13     | Found a transporter.
 29627 | D:13     | Killed Josephine
 29828 | D:13     | Killed Kirke
 30101 | D:13     | Acquired the +3 Elemental Staff {rElec rF+ rC+ AC+3}
 30101 | D:13     | Found the +3 Elemental Staff {rElec rF+ rC+ AC+3}
 30569 | D:14     | Reached skill level 5 in Transmutations
 30584 | D:14     | Found a gate to the Vaults.
 30596 | D:14     | Found Lerrowue's Distillery.
 30632 | D:14     | Reached XP level 16. HP: 97/97 MP: 25/29
 30634 | D:14     | Offered knowledge of Fireball by Vehumet.
 30912 | D:14     | Reached skill level 5 in Staves
 31001 | D:14     | Noticed Snorg
 31005 | D:14     | Killed Snorg
 31213 | D:14     | Learned a level 5 spell: Fireball
 31869 | D:15     | Entered Level 15 of the Dungeon
 31928 | D:15     | Reached skill level 5 in Hexes
 32168 | D:15     | Reached skill level 10 in Earth Magic
 32170 | D:15     | Paralysed by an ogre mage for 4 turns
 32483 | D:15     | Found a shimmering blue altar of Sif Muna.
 32981 | D:15     | Found a portal to a secret trove of treasure.
 33190 | D:15     | Found a staircase to the Depths.
 36646 | Lair:5   | Offered knowledge of Lee's Rapid Deconstruction by Vehumet.
 37445 | Swamp:1  | Entered Level 1 of the Swamp
 38700 | Swamp:2  | Reached XP level 17. HP: 102/102 MP: 22/30
 38809 | Swamp:2  | Reached skill level 10 in Conjurations
 39808 | Swamp:3  | Offered knowledge of Plasma Beam by Vehumet.
 40025 | Lair:1   | Learned a level 6 spell: Plasma Beam
 40815 | Swamp:4  | Entered Level 4 of the Swamp
 41195 | Swamp:4  | Reached skill level 10 in Staves
 41619 | Swamp:4  | Paralysed by a fenstrider witch for 3 turns
 41625 | Swamp:4  | Paralysed by a fenstrider witch for 2 turns
 41828 | Swamp:4  | Noticed groovy9's ghost (journeyman MiBe)
 41833 | Swamp:4  | Found a runed translucent door.
 41843 | Swamp:4  | Noticed Mlioglotl
 41848 | Swamp:4  | Killed Mlioglotl
 42265 | Swamp:4  | Got a decaying rune of Zot
 42961 | Elf:1    | Entered Level 1 of the Elven Halls
 42967 | Elf:1    | Reached XP level 18. HP: 80/107 MP: 28/31
 43777 | Elf:1    | Offered knowledge of Irradiate by Vehumet.
 44232 | Elf:1    | Found a runed translucent gate.
 44232 | Elf:1    | Found a runed translucent gate.
 44232 | Elf:1    | Found a runed translucent gate.
 44232 | Elf:1    | Found a runed translucent gate.
 44232 | Elf:1    | Found a runed translucent gate.
 44234 | Elf:1    | Found a runed translucent gate.
 44577 | Elf:2    | Noticed cdecastro's ghost (adept DsNe)
 44640 | Elf:2    | Found Letwih's Armour Boutique.
 44666 | Elf:2    | Found a transporter.
 44672 | Elf:2    | Noticed a deep elf blademaster
 44737 | Elf:2    | Noticed a deep elf blademaster
 45035 | Snake:1  | Entered Level 1 of the Snake Pit
 45802 | Snake:1  | Reached skill level 10 in Spellcasting
 45863 | Snake:1  | Reached skill level 5 in Air Magic
 46263 | Snake:2  | Gained mutation: You occasionally lose the ability to read
                  | scrolls when taking damage. [you]
 46695 | Snake:2  | Noticed Aizul
 46699 | Snake:2  | Killed Aizul
 48323 | Snake:3  | Offered knowledge of Conjure Ball Lightning by Vehumet.
 48617 | Snake:3  | Reached XP level 19. HP: 71/112 MP: 5/33
 49493 | Snake:4  | Entered Level 4 of the Snake Pit
 50083 | Snake:4  | Found a snail-covered altar of Cheibriados.
 50097 | Snake:4  | Found a runed translucent gate.
 50098 | Snake:4  | Found a runed translucent gate.
 50098 | Snake:4  | Found a runed translucent gate.
 50337 | Snake:4  | Offered knowledge of Orb of Destruction by Vehumet.
 50522 | Snake:4  | Learned a level 7 spell: Orb of Destruction
 50613 | Snake:4  | Identified the +6 long sword "Jirroj" {heavy, rF+ rC+}
 50617 | Snake:4  | HP: 3/112 [quicksilver dragon (8)]
 50619 | Snake:4  | Demolished by a naga warrior

Illustrated notes

Levels and vault maps discovered:
D:1:      beargit_arrival_greenhouse, layout_basic,
          shapermc_ecumenical_altar_acropolis
D:2:      layout_rooms, grunt_ministairs_15, chequers_avenue
D:3:      layout_basic
D:4:      minmay_thinvault, layout_gridville, slow_altar_2,
          makhleb_heckhound_becter, mainiacjoe_overflow_six_doors_small,
          chequers_serial_rivers_micro_b
D:5:      layout_basic, mainiacjoe_overflow_alcove_3,
          minmay_temple_entry_stoned_glass, ebering_ghost_sewer_f,
          hangedman_decor_diamond_cutter, feat_on_display
D:6:      layout_loops_ring, sigmund_army
D:7:      layout_basic, nicolae_vehumet_radiance, mainiacjoe_overflow_alcove_1,
          enter_bailey_4, serial_shops, nicolae_shop_behind_doors, shop, shop,
          uniq_crazy_yiuf_cottage
D:8:      minmay_goldmine, layout_basic, dpeg_lair_monsters,
          hellmonk_ghost_big_iron
D:9:      layout_grid_maze, serial_bayou, serial_bayou_pond_c,
          serial_bayou_pond_d, serial_bayou_ford_a, serial_bayou_pond_d,
          st_stairs_7, uniq_harold, uniq_maurice, uniq_erica,
          uniq_prince_ribbit1, uniq_grum
D:10:     layout_stronghold, grunt_qazlal_sundering, okawaru_ov_weapons_minmay,
          uniq_nergalle
D:11:     wander_river, layout_loops_ring, erik_orc_1
D:12:     layout_layer_cave, serial_nicolae_subway, nicolae_sub_station_stone,
          nicolae_sub_station_metal, nicolae_sub_station_crystal
D:13:     layout_cave_pools, gauntlet_entry_generic, gammafunk_ghost_arena,
          uniq_josephine, uniq_kirke, uniq_nessos
D:14:     layout_basic, david_vaults_2, minmay_misc_feat_rugged, serial_shops,
          shop, uniq_snorg
D:15:     grunt_enter_depths_hoard, layout_basic, nicolae_sif_muna_condensation,
          enter_trove_6, lemuel_flamethrower_hall
Temple:   nicolae_temple_bog_church
Lair:1:   layout_small_grid, beast_lair_carwin_8, infiniplex_staircase_pool
Lair:2:   layout_loops_ring, maelrawn_ghost_gauntlet_escape, serial_rivers,
          chequers_serial_rivers_room_a, chequers_serial_rivers_micro_e,
          chequers_serial_rivers_room_b, chequers_serial_rivers_room_b,
          chequers_serial_rivers_marsh
Lair:3:   layout_regular_city, palyth_hydra_swamp_entry,
          nicolae_snake_entry_warm_welcome, pond, serial_bayou_shore_a,
          infiniplex_staircase_pool_2, grunt_megastairs_5
Lair:4:   layout_misc_corridors, nicolae_slime_entry_field_trip
Lair:5:   hangedman_lair_caniforms_friends, layout_big_grid,
          chequers_serial_rivers_small_a, evilmike_ambush
          [evilmike_ambush_outer_basic, evilmike_ambush_inner_basic]
Swamp:1:  layout_basic_swamp, nicolae_swamp_oxbows
Swamp:2:  layout_basic_swamp, nicolae_swamp_trees_clearing
Swamp:3:  layout_basic_swamp, evilmike_swamp_ruin_house_3, swamp_pool2,
          nicolae_swamp_dense_foliage
Swamp:4:  swamp_fiery, layout_basic_swamp, hellmonk_ghost_happy_afterlife,
          nicolae_swamp_small_spring, uniq_mlioglotl
Snake:1:  layout_gridlike, drop_trap
Snake:2:  layout_onion_interference, grunt_megastairs_4, uniq_aizul
Snake:3:  layout_cave_town, grunt_megastairs_3
Snake:4:  hellmonk_snake_rune_quicksilver_temple, layout_misc_corridors,
          basic_altar, nicolae_snake_horde_hoard
Orc:1:    layout_caves, uniq_jorgrun
Orc:2:    grunt_orc_tribal_feast, layout_caves, uniq_urug
Elf:1:    elf_arrival_002, layout_gridlike, orc_legates
Elf:2:    elven_hall_of_blades_hangedman_original
          [nicolae_blade_entry_area_security], layout_loops_ring,
          gammafunk_ghost_wrathful_warriors, serial_shops, shop, uniq_asterion

Skill      XL: |  1  2  3  4  5  6  7  8  9 10 11 12 13 14 15 16 17 18 19 |
---------------+----------------------------------------------------------+-----
Earth Magic    | 4 5 6 8 9 12 | 12.0
Conjurations   | 1 3 4 5 7 9 12 | 12.0
Spellcasting   | 3 5 7 9 10 12 | 12.0
Fighting       | 1 2 3 5 7 8 9 10 | 10.0
Stealth        | 3 4 7 8 9 |  9.0
Dodging        | 2 5 7 |  7.2
Evocations     | 2 4 5 6 7 |  7.0
Throwing       | 5 6 |  6.0
Armour         | 3 5 7 9 |  9.0
Poison Magic   | 7 9 |  9.0
Translocations | 5 |  5.0
Shields        | 5 6 7 |  7.0
Staves         | 2 4 8 11 12 | 12.0
Fire Magic     | 5 7 9 |  9.1
Transmutations | 3 5 |  5.1
Air Magic      | 3 6 7 |  7.0
Hexes          | 4 7 |  7.1

Action                     |  1- 3 |  4- 6 |  7- 9 | 10-12 | 13-15 | 16-18 | 19-21 || total
---------------------------+-------+-------+-------+-------+-------+-------+-------++-------
  Melee: Unarmed           |     6 |       |       |       |       |       |       ||     6
         Short sword       |       |       |     4 |     2 |       |       |       ||     6
         Staff             |       |       |       |       |   206 |   180 |    48 ||   434
         Scimitar          |       |       |       |       |     2 |       |       ||     2
         Punch             |       |       |       |       |     1 |       |       ||     1
   Fire: Sling             |       |       |       |   205 |   307 |    50 |       ||   562
  Throw: Dart              |       |       |       |     1 |     5 |     1 |       ||     7
         Javelin           |       |       |       |       |     2 |       |       ||     2
   Cast: Sandblast         |    54 |    59 |   150 |   130 |   427 |    75 |       ||   895
         Stone Arrow       |       |     3 |     9 |    40 |   132 |   165 |     1 ||   350
         Blink             |       |       |       |     1 |     5 |     1 |     1 ||     8
         Olgreb's Toxic Ra |       |       |       |       |    70 |    45 |     1 ||   116
         Ignite Poison     |       |       |       |       |    78 |    72 |       ||   150
         Mephitic Cloud    |       |       |       |       |    10 |     5 |       ||    15
         Iron Shot         |       |       |       |       |    17 |   292 |    71 ||   380
         Plasma Beam       |       |       |       |       |       |    24 |     2 ||    26
         Fireball          |       |       |       |       |       |    12 |     3 ||    15
         Yara's Violent Un |       |       |       |       |       |     1 |       ||     1
         Orb of Destructio |       |       |       |       |       |       |     2 ||     2
  Evoke: Wand              |       |       |       |     1 |     6 |     2 |       ||     9
         Tin of tremorston |       |       |       |       |       |     1 |     2 ||     3
    Use: Scroll            |       |     2 |     9 |    13 |    11 |    10 |     1 ||    46
         Potion            |       |       |       |     2 |     5 |     7 |     3 ||    17
   Stab: Sleeping          |       |       |     3 |       |       |     1 |       ||     4
         Petrified         |       |       |       |       |     1 |       |       ||     1
 Armour: Robe              |     2 |     4 |       |       |       |    52 |       ||    58
         Ring mail         |       |       |    35 |    88 |   406 |   175 |    45 ||   749
  Dodge: Dodged            |     9 |     8 |    48 |   126 |   450 |   211 |    37 ||   889
  Block: Other             |       |       |    13 |    45 |   101 |       |       ||   159
         Reflection        |       |       |       |     3 |    13 |     5 |       ||    21
         Buckler           |       |       |       |       |   230 |   153 |    37 ||   420
